 Dungeon Crawl Stone Soup version 0.30-a0-772-g5528072125 (webtiles) character file.

Game seed: 8057213417468017865

7 cowhearter the Trooper (level 1, -1/18 HPs)
             Began as a Demonspawn Monk on Feb 13, 2023.
             Was a Follower of Uskayaw.
             Slain by a frilled lizard (3 damage)
             ... on level 1 of the Dungeon.
             The game lasted 00:01:24 (680 turns).

cowhearter the Trooper (Demonspawn Monk)             Turns: 680, Time: 00:01:25

Health: -1/18      AC: 10    Str: 11    XL:     1   Next: 91%
Magic:  1/1        EV:  2    Int: 11    God:    Uskayaw [*.....]
Gold:   47         SH:  0    Dex: 15    Spells: 0/0 levels left

rFire   . . .      SeeInvis .      - Unarmed
rCold   . . .      Faith    .    (no shield)
rNeg    . . .      Spirit   .    d - +0 plate armour
rPois   .          Reflect  .    (no helmet)
rElec   .          Harm     .    (no cloak)
rCorr   .          Rampage  .    (no gloves)
Will    .....                    (no boots) Stlth
                                 (no amulet)
HPRegen 0.23/turn                (no ring)
MPRegen 0.07/turn                (no ring)

@: no status effects
A: no striking features
a: Renounce Religion, Stomp


You were on level 1 of the Dungeon.
You worshipped Uskayaw.
Uskayaw was noncommittal.
You visited 1 branch of the dungeon, and saw 1 of its levels.

You collected 47 gold pieces.

Inventory:

Armour
 a - a +0 robe
 d - a +0 plate armour (worn)
Scrolls
 e - a scroll of identify {unknown}
 f - a scroll of teleportation {unknown}
Potions
 b - a potion of ambrosia
 c - a potion of curing {unknown}


   Skills:
 * Level 3.3 Fighting
 + Level 2.7 Dodging
 + Level 1.7 Stealth
 - Level 2.8 Unarmed Combat


You couldn't memorise any spells.
You didn't know any spells.
Your spell library contained the following spells:

 Spells                   Type           Power      Damage    Failure   Level
 Gell's Gravitas          Tloc           0%         N/A       100%        3
 Teleport Other           Tloc           0%         N/A       100%        3
 Dispersal                Tloc           0%         N/A       100%        6


Dungeon Overview and Level Annotations

Branches:
Dungeon (1/15)

Altars:
Uskayaw


Message History

The frilled lizard bites you.
The frilled lizard bites you but does no damage. x3
You miss the frilled lizard.
The frilled lizard bites you but does no damage. x3
The frilled lizard barely misses you.
The frilled lizard bites you but does no damage. x2
You barely miss the frilled lizard.
The frilled lizard bites you but does no damage. x6
You barely miss the frilled lizard.
The frilled lizard unfolds its giant frill.
The frilled lizard bites you but does no damage.
The frilled lizard bites you.
The frilled lizard bites you but does no damage. x2
The frilled lizard bites you. x2
You closely miss the frilled lizard.
The frilled lizard bites you but does no damage. x6
You miss the frilled lizard.
The frilled lizard bites you but does no damage. x2
The frilled lizard hisses.
The frilled lizard bites you but does no damage.
The frilled lizard completely misses you.
The frilled lizard bites you but does no damage. x2
You closely miss the frilled lizard.
The frilled lizard bites you but does no damage. x2
The frilled lizard bites you.
* * * LOW HITPOINT WARNING * * *
The frilled lizard bites you but does no damage. x3
You hit the frilled lizard.
You kill the frilled lizard!
The frilled lizard bites you but does no damage. x3
The frilled lizard barely misses you.
The frilled lizard bites you but does no damage.
You hit the frilled lizard.
You kill the frilled lizard!
The frilled lizard bites you.
* * * LOW HITPOINT WARNING * * *
The frilled lizard bites you.
* * * LOW HITPOINT WARNING * * *
The frilled lizard bites you.
You die...

##.......# #.
##...#..###.
##.##...... ..
#.##...... ##.###
#.##...###
......##### ##'######
# #.....###...## #
###l..##.....## #
#l@.#.#.......## #
#..lll##.........####
#...l####....†...'...
#....###.........####
#....##.#.......#####
##...#.###.........#
#.##### ##...####.#
#### ##..# #.# #.#
#..####.##


You could see 6 frilled lizards.

Vanquished Creatures
  A giant cockroach (D:1)
  A quokka (D:1)
  4 frilled lizards (D:1)
  4 rats (D:1)
10 creatures vanquished.

Vanquished Creatures (others)
  7 plants (D:1)
7 creatures vanquished.

Grand Total: 17 creatures vanquished

Notes
Turn   | Place    | Note
-------+----------+-------------------------------------------
     0 | D:1      | cowhearter the Demonspawn Monk began the quest for the Orb.
     0 | D:1      | Reached XP level 1. HP: 18/18 MP: 1/1
   146 | D:1      | Noticed a great orb of eyes
   171 | D:1      | Noticed a great orb of eyes
   173 | D:1      | Found a faded altar of an unknown god.
   175 | D:1      | Noticed a floating eye
   178 | D:1      | Noticed a great orb of eyes
   183 | D:1      | Prayed at the altar of an unknown god.
   183 | D:1      | Became a worshipper of Uskayaw the Reveller
   183 | D:1      | Reached * piety under Uskayaw
   183 | D:1      | Reached ** piety under Uskayaw
   680 | D:1      | Slain by a frilled lizard

Illustrated notes

Levels and vault maps discovered:
D:1:      amcnicky_arrival_wind_blow, layout_loops_corners,
          hellmonk_ecumenical_altar_watching_god, minmay_parallelograms,
          minmay_lizard_king

Action                     || total
---------------------------++-------
  Melee: Unarmed           ||    44
   Stab: Sleeping          ||     1
 Armour: Plate armour      ||    85
         Robe              ||     2
  Dodge: Dodged            ||     9

Table legend: (Time is in decaauts)
 A = Elapsed time spent in this place.
 B = Non-inter-level travel time spent in this place.
 C = Inter-level travel time spent in this place.
 D = Time resting spent in this place.
 E = Time spent auto-exploring this place.
 F = Levels seen in this place.
 G = Mean time per level.
                   A        B        C        D        E       F      G
               +--------+--------+--------+--------+--------+-----+--------+
         Total |    678 |    678 |      0 |      0 |    567 |   1 |  678.0 |
       Dungeon |    678 |    678 |      0 |      0 |    567 |   1 |  678.0 |
               +--------+--------+--------+--------+--------+-----+--------+

Top non-repeatable levels by time:
     D:1: 678 daAuts
